 Dungeon Crawl Stone Soup version 0.29.1-15-g9cfb28693d (webtiles) character file.

Game seed: 5231383011542134868

52 monsoonserge the Trooper (level 3, -1/31 HPs)
             Began as a Palentonga Fighter on May 1, 2023.
             Slain by a gnoll
             ... wielding a +0 halberd
              (5 damage)
             ... on level 2 of the Dungeon.
             The game lasted 00:05:23 (1887 turns).

monsoonserge the Trooper (Palentonga Fighter)       Turns: 1887, Time: 00:05:23

Health: -1/31      AC:  9    Str: 23    XL:     3   Next: 60%
Magic:  12/12      EV:  5    Int:  8    God:
Gold:   100        SH:  4    Dex:  9    Spells: 2/2 levels left

rFire   . . .      SeeInvis +   a - +0 war axe
rCold   . . .      Faith    .   c - +0 buckler
rNeg    . . .      Spirit   .   b - +0 chain mail
rPois   .          Reflect  .   g - +0 helmet
rElec   .          Harm     .   (no cloak)
rCorr   +          Rampage  .   (no gloves)
Will    .....                   (no barding)
Stlth   ..........              (no amulet)
HPRegen 0.10/turn               i - ring of resist corrosion
MPRegen 0.13/turn               o - ring of magical power

@: no status effects
A: large, rugged brown scales 3, see invisible, deformed body, roll 1, armoured
tail
a: Rolling Charge


You were on level 2 of the Dungeon.
You visited 1 branch of the dungeon, and saw 3 of its levels.

You collected 139 gold pieces.
You spent 39 gold pieces at shops.

Inventory:

Hand Weapons
 a - a +0 war axe (weapon)
Missiles
 e - 15 stones (quivered)
 l - a throwing net
 m - 4 poisoned darts
Armour
 b - a +0 chain mail (worn)
 c - a +0 buckler (worn)
 f - an orb of light
 g - a +0 helmet (worn)
Jewellery
 i - a ring of resist corrosion (left hand)
 o - a ring of magical power (right hand)
Scrolls
 h - 2 scrolls of identify {unknown}
 j - 2 scrolls of poison {unknown}
 k - a scroll of vulnerability {unknown}
Potions
 d - 2 potions of might
 n - 2 potions of curing


   Skills:
 + Level 3.3 Fighting
 + Level 2.3 Axes
 + Level 3.1 Armour
 + Level 3.0 Shields


You had 2 spell levels left.
You didn't know any spells.
Your spell library contained the following spells:

 Spells                   Type           Power      Damage    Failure   Level
 Summon Small Mammal      Summ           0%         N/A       99%         1
 Call Canine Familiar     Summ           0%         N/A       100%        3
 Summon Guardian Golem    Hex/Summ       0%         N/A       100%        3


Dungeon Overview and Level Annotations

Branches:
Dungeon (3/15)

Altars:

Shops:
D:3 !


Innate Abilities, Weirdness & Mutations

You are completely covered in rugged brown scales. (AC +3, +7% HP)
You have supernaturally acute eyesight. (SInv)
Armour fits poorly on your strangely shaped body.
You can roll at nearby foes to attack.
You have a long armoured tail.


Message History

You block the gnoll's attack.
A gnoll comes into view. It is wielding a +0 spear of flaming.
Roll where?
Press: ? - help, Dir - move target, f - gnoll
Aim: a gnoll, wielding a +0 halberd You roll forward with a clatter of scales!
You barely miss the gnoll. The gnoll closely misses you.
The gnoll hits you from afar with a +0 spear of flaming.
The gnoll burns you.
You hit the gnoll.
The gnoll is lightly wounded.
The gnoll barely misses you. You block the gnoll's attack.
The gnoll closely misses you.
The gnoll hits you from afar with a +0 spear of flaming.
The gnoll burns you.
You barely miss the gnoll.
The gnoll is lightly wounded.
The gnoll hits you but does no damage.
The gnoll hits you from afar with a +0 spear of flaming.
The gnoll burns you.
You barely miss the gnoll.
The gnoll is lightly wounded.
The gnoll hits you with a +0 halberd. The gnoll barely misses you.
The gnoll hits you from afar with a +0 halberd.
There is an open door here.
You close the door.
A gnoll opens the door.
There is an open door here.
There is an open door here.
The gnoll hits you from afar with a +0 spear of flaming.
The gnoll burns you.
There is a stone staircase leading up here.
The gnoll hits you with a +0 halberd.
The gnoll hits you from afar with a +0 spear of flaming.
The gnoll burns you.
You climb upwards.
There is a stone staircase leading down here.
You closely miss the gnoll. The gnoll hits you with a +0 halberd.
* * * LOW HITPOINT WARNING * * *
The gnoll hits you with a +0 halberd.
You die...

######
#########.##.########
..........##...g@...#
#########.##.######.#
#.##.# #.# #
#.##.######.# #
#.##........# ###
#.####......#######
..# #####.#
#.....[..รท...#
#.###...#.#
#(.........<.#
#...#.#.#.#
##'###.......#


You could see a gnoll.

Vanquished Creatures
  A worm (D:2)
  3 dart slugs
  A ball python (D:2)
  2 endoplasms (D:2)
  A giant cockroach (D:1)
  4 goblins (D:2)
  7 hobgoblins
  3 jackals (D:3)
  2 quokkas
  3 bats
  3 frilled lizards
  4 kobolds
  6 rats
40 creatures vanquished.

Notes
Turn   | Place    | Note
-------+----------+-------------------------------------------
     0 | D:1      | monsoonserge the Palentonga Fighter began the quest for the
                  | Orb.
     0 | D:1      | Reached XP level 1. HP: 19/19 MP: 1/1
     3 | D:1      | Noticed an electric eel
     3 | D:1      | Noticed an electric eel
   194 | D:1      | Reached XP level 2. HP: 22/25 MP: 2/2
   860 | D:2      | Reached XP level 3. HP: 26/31 MP: 3/3
  1601 | D:3      | Found Cyfooloo's Distillery.
  1609 | D:3      | Bought a potion of curing for 39 gold pieces
  1887 | D:2      | Slain by a gnoll

Illustrated notes

Levels and vault maps discovered:
D:1:      arrival_aquarium_b, layout_rooms
D:2:      layout_basic, kennysheep_nondescript, chequers_jeans
D:3:      layout_loops_corners, serial_shops, nicolae_diamond_shop

Skill      XL: |  1  2 |
---------------+-------+-----
Armour         | 3 |  3.1
Shields        | 3 |  3.0
Fighting       | |  3.3
Axes           | |  2.3

Action                   || total
-------------------------++-------
Melee: War axe           ||    89
       Tailslap          ||     8
 Abil: Rolling Charge    ||    21
Armor: Scale mail        ||    18
       Ring mail         ||     8
       Chain mail        ||    32
Dodge: Dodged            ||    21
Block: Buckler           ||    17
